 Dungeon Crawl Stone Soup version 0.31-a0-744-gbc345e7fcb (webtiles) character file.

Game seed: 1655621416695462329

56 Dirtsage the Chopper (level 3, -3/43 HPs)
             Began as a Demonspawn Berserker on Sept 13, 2023.
             Was a Believer of Trog.
             Slain by an iguana (5 damage)
             ... on level 2 of the Dungeon.
             The game lasted 00:02:52 (1318 turns).

Dirtsage the Chopper (Demonspawn Berserker)         Turns: 1318, Time: 00:02:53

Health: -3/43      AC:  9    Str: 19    XL:     3   Next: 69%
Magic:  12/12      EV:  8    Int:  8    God:    Trog [**....]
Gold:   24         SH:  0    Dex: 12    Spells: 2/2 levels left

rFire   . . .        a - +0 hand axe
rCold   . . .        (no shield)
rNeg    . . .        j - +0 chain mail
rPois   .            (no helmet)
rElec   .            k - +0 cloak
rCorr   .            (no gloves)
SInv    .            (no boots)
Will    .....        (no amulet) Stlth
                     c - ring of magical power
HPRegen 0.27/turn    (no ring)
MPRegen 0.13/turn

%: no passive effects
@: berserking, very quick
A: powered by death 1
a: Renounce Religion, Berserk, Trog's Hand


You were on level 2 of the Dungeon.
You worshipped Trog.
Trog was pleased with you.
You visited 1 branch of the dungeon, and saw 2 of its levels.

You collected 24 gold pieces.

Inventory:

Hand Weapons
 a - a +0 hand axe (weapon)
Armour
 b - a +0 plate armour
 j - a +0 chain mail (worn)
 k - a +0 cloak (worn)
Jewellery
 c - a ring of magical power (left hand)
Scrolls
 g - a scroll of torment {unknown}
 i - 3 scrolls of vulnerability
 t - 5 scrolls of teleportation
Potions
 d - a potion of enlightenment {unknown}
 e - 3 potions of curing {unknown}
 f - a potion of might {unknown}
 h - a potion of attraction {unknown}


   Skills:
 - Level 3.0 Fighting
 + Level 4.3 Axes
 - Level 1.7 Armour
 - Level 1.7 Dodging


You had 2 spell levels left.
You didn't know any spells.
Your spell library contained the following spells:

 Spells                   Type           Power      Damage    Failure   Level
 Apportation              Tloc           0%         N/A       98%         1
 Necrotise                Necr           0%         1d4       98%         1
 Summon Small Mammal      Summ           0%         N/A       98%         1


Dungeon Overview and Level Annotations

Branches:
Dungeon (2/15)

Altars:

Shops:
D:1 :=?


Innate Abilities, Weirdness & Mutations

You regenerate a little health from kills.


Message History

The goblin hits you but does no damage.
You barely miss the goblin.
The goblin is severely wounded.
The goblin hits you with a +0 club.
You take 2 damage, and have 27/29 hp.
You closely miss the goblin.
The goblin is severely wounded.
The goblin barely misses you.
The iguana hisses menacingly.
You hit the goblin.
You kill the goblin!
Trog accepts your kill. The iguana closely misses you.
You hit the iguana but do no damage.
The iguana bites you but does no damage.
The iguana bites you!
You take 10 damage, and have 18/29 hp.
MASSIVE DAMAGE!!
You are too injured to fight recklessly!
You are too injured to fight recklessly!
You are too injured to fight recklessly!
You hit the iguana.
The iguana is moderately wounded.
The iguana bites you.
You take 2 damage, and have 16/29 hp.
You completely miss the iguana.
The iguana is moderately wounded.
The iguana bites you!
* * * LOW HITPOINT WARNING * * *
You take 10 damage, and have 6/29 hp.
MASSIVE DAMAGE!!
You barely miss the iguana.
The iguana is moderately wounded.
The iguana barely misses you.
A red film seems to cover your vision as you go berserk!
You feel yourself moving faster!
You feel mighty! The iguana bites you!
* * * LOW HITPOINT WARNING * * *
You now have 1/43 hp.
You hit the iguana.
The iguana is moderately wounded.
The iguana bites you.
You die...

..####......... .#
###....... .# #######. .#
## #.# # ..# ##
#########.###### #######.
......)..l...... ........ #
##.@# ######.. ...#####..##
##.. #.........####
#########...
.#..........###.........##
#.............)..##########
#...............##
.............#.....#
..#..........#####.# #
############ .#


You could see an iguana.

Vanquished Creatures
  A gnoll (D:1)
  2 dart slugs (D:1)
  3 ball pythons
  3 bats (D:1)
  An endoplasm (D:2)
  2 giant cockroaches (D:1)
  4 goblins
  3 hobgoblins (D:1)
  6 jackals (D:1)
  6 kobolds (D:1)
  A quokka (D:1)
  A frilled lizard (D:1)
  3 rats (D:1)
36 creatures vanquished.

Notes
Turn   | Place    | Note
-------+----------+-------------------------------------------
     0 | D:1      | Dirtsage the Demonspawn Berserker began the quest for the
                  | Orb.
     0 | D:1      | Reached XP level 1. HP: 18/18 MP: 1/1
    52 | D:1      | Reached skill level 3 in Axes
    52 | D:1      | Gained mutation: You regenerate a little health from kills.
                  | [demonic ancestry]
    52 | D:1      | Reached XP level 2. HP: 15/24 MP: 2/2
   221 | D:1      | Found a faded altar of an unknown god.
   258 | D:1      | Found Dopsan's Book Shop.
   277 | D:1      | Found Atoirghie's Jewellery Boutique.
   673 | D:1      | Reached XP level 3. HP: 25/29 MP: 3/3
   744 | D:1      | Reached skill level 4 in Axes
   821 | D:1      | Reached ** piety under Trog
   922 | D:1      | Found Ottoil's Magic Scroll Boutique.
  1317 | D:2      | HP: 1/43 [iguana (8)]
  1318 | D:2      | Slain by an iguana

Illustrated notes

Levels and vault maps discovered:
D:1:      lightli_arrival_maybe_door_vault, layout_loops_corners, serial_shops,
          nicolae_shop_behind_doors, shop, shop,
          ebering_ecumenical_altar_sacrificial, minmay_split_cup_large
D:2:      layout_rooms

Skill      XL: |  1  2  3 |
---------------+----------+-----
Axes           | 3 4 |  4.3
Fighting       | |  3.0
Armour         | |  1.7
Dodging        | |  1.7

Action                     || total
---------------------------++-------
  Melee: Hand axe          ||   107
 Invoke: Berserk           ||     2
    Use: Scroll            ||     2
 Armour: Animal skin       ||     2
         Leather armour    ||    26
         Ring mail         ||    33
         Chain mail        ||    13
  Dodge: Dodged            ||    68

Table legend: (Time is in decaauts)
 A = Elapsed time spent in this place.
 B = Non-inter-level travel time spent in this place.
 C = Inter-level travel time spent in this place.
 D = Time resting spent in this place.
 E = Time spent auto-exploring this place.
 F = Levels seen in this place.
 G = Mean time per level.
                   A        B        C        D        E       F      G
               +--------+--------+--------+--------+--------+-----+--------+
         Total |   1344 |   1283 |     61 |     68 |    935 |   2 |  672.0 |
       Dungeon |   1344 |   1283 |     61 |     68 |    935 |   2 |  672.0 |
               +--------+--------+--------+--------+--------+-----+--------+

Top non-repeatable levels by time:
     D:1: 1205 daAuts
     D:2: 138 daAuts
